 Dungeon Crawl Stone Soup version 0.18.1-50-g88ac8fd (webtiles) character file.

1031 maniek23 the Covert (level 8, -10/40 HPs)
             Began as a Spriggan Assassin on Sept 27, 2016.
             Was an Initiate of Gozag.
             Killed from afar by a steam dragon (24 damage)
             ... with a ball of steam
             ... on level 5 of the Dungeon.
             The game lasted 00:21:39 (6476 turns).

maniek23 the Covert (Spriggan Assassin)             Turns: 6476, Time: 00:21:41

Health: -10/40     AC:  5    Str:  7    XL:     8   Next: 3%
Magic:  9/9        EV: 24    Int: 13    God:    Gozag
Gold:   168        SH:  0    Dex: 19    Spells: 0 memorised, 7 levels left

rFire  . . .     SeeInvis +     a - +2 dagger
rCold  + . .     Gourm    .     E - +2 robe {rC+}
rNeg   . . .     Faith    .     (shield restricted)
rPois  .         Spirit   .     (helmet restricted)
rElec  .         Dismiss  .     d - +0 cloak
rCorr  .         Reflect  .     (gloves unavailable)
SustAt .         Harm     .     (boots unavailable)
MR     +....                    (no amulet)
Stlth  +++++.....               A - +5 ring of evasion
                                s - -2 ring of evasion (curse)

@: very quick, somewhat resistant to hostile enchantments, quite stealthy
A: unfitting armour, see invisible, herbivore 3, speed 3, slow metabolism 2
a: Potion Petition, Call Merchant, Bribe Branch, Renounce Religion


You were on level 5 of the Dungeon.
You worshipped Gozag.
Gozag was noncommittal.
You were not hungry.

You visited 2 branches of the dungeon, and saw 9 of its levels.

You collected 334 gold pieces.
You paid 166 gold pieces to Gozag.

Inventory:

Hand Weapons
 a - a +2 dagger (weapon)
 b - a +0 blowgun
 j - a +1 short sword of draining
 l - a +0 dagger
 m - a +0 hunting sling
 n - a +1 dagger of flaming
Missiles
 f - a curare-tipped needle
 h - 180 stones (quivered)
 q - 5 poisoned needles
 y - 8 tomahawks
 I - 4 sling bullets
Armour
 c - a +0 robe
 d - a +0 cloak (worn)
 o - a +0 buckler
 E - a +2 robe of cold resistance (worn)
Jewellery
 p - a cursed ring of loudness {unknown}
 s - a cursed -2 ring of evasion (left hand)
 t - a +3 ring of dexterity
 A - a +5 ring of evasion (right hand)
Wands
 r - a wand of disintegration (9/24)
 v - a wand of iceblast (5/15)
 C - a wand of random effects (22/48)
 G - a wand of random effects (26/48)
Scrolls
 u - 3 scrolls of identify
 w - a scroll of amnesia {unknown}
 B - a scroll of enchant weapon {unknown}
 D - a scroll of immolation {unknown}
 F - a scroll of recharging
Potions
 e - 3 potions of lignification
Books
 k - a book of the Sky

   Spells                             Type                      Level
   a - Summon Lightning Spire         Summoning/Air                4
   b - Airstrike                      Air                          4
   c - Silence                        Hexes/Air                    5
   d - Deflect Missiles               Charms/Air                   6
   e - Conjure Ball Lightning         Conjuration/Air              6
   f - Tornado                        Air                          9
Miscellaneous
 x - a plain deck of defence
Comestibles
 g - 5 bread rations
 i - a slice of pizza
 z - 2 royal jellies
 H - 6 fruits


   Skills:
 + Level 3.3 Fighting
 * Level 6.4 Short Blades
 + Level 3.9 Throwing
 + Level 5.3 Dodging
 + Level 8.7 Stealth


You had 7 spell levels left.
You didn't know any spells.

Dungeon Overview and Level Annotations

Branches:
Dungeon (8/15)             Temple (1/1) D:5
   Lair: D:8-11

Altars:
Ashenzari
Cheibriados
Dithmenos
Elyvilon
Fedhas
Gozag
Kikubaaqudgha
Makhleb
Nemelex Xobeh
Okawaru
Pakellas
Qazlal
Ru
Sif Muna
Vehumet
Xom
The Shining One


Innate Abilities, Weirdness & Mutations

You are tiny and cannot use many weapons and most armour.
You have supernaturally acute eyesight.
You are a herbivore.
You cover ground extremely quickly.
You need consume almost no food.


Message History

The steam dragon completely misses you. The steam dragon closely misses you.
You hit the steam dragon but do no damage.
The steam dragon is moderately wounded.
The steam dragon bites you but does no damage.
The steam dragon barely misses you.
You completely miss the steam dragon.
The steam dragon is moderately wounded.
You completely miss the steam dragon.
The steam dragon is moderately wounded.
The steam dragon breathes steam at you. The ball of steam hits you!
You barely miss the steam dragon.
The steam dragon is moderately wounded.
You are engulfed in a cloud of scalding steam.
The fungus is engulfed in a cloud of scalding steam.
The steam dragon breathes steam at you. The ball of steam hits you!
Ouch! That really hurt!
You die...
Your body crumbles into a pile of gold.

# #.....# ≈.(≈.#...#.# #. #
#.....# #.(P####.#.# #. ###.....#
#P.P#....#'######.
..).....########..≈#.###.........
....##.........#.(.#.# #.........
....##.........#P(P#.# #.........
....##.........#D(.#.# #.........
....##...).....#PD##.# #.........
....##.........#@§##.# #.........
....##.....#####§§##.# #.........
....##.....# #≈.≈##.# #.........
...........# #≈.≈##.###.........
..........## #≈..##.............
##.........# #P.P##..###########
##.......#.# #^..≈#..# #
##.......#.# #≈..^##############
##.......#.# ##≈.P^P#.........>##


You could see 2 steam dragons.

Vanquished Creatures
  Sigmund (D:2)
  An orc warrior (D:6)
  A sky beast (D:5)
  The ghost of atarun the Skirmisher, an amateur DrBe of Trog (D:3)
  A centaur (D:5)
  A scorpion (D:5)
  A crimson imp (D:5)
  A hound (D:8)
  A jelly (D:6)
  An orc wizard (D:4)
  A centaur skeleton (D:8)
  A giant frog skeleton (D:5)
  An iguana (D:5)
  4 worker ants
  A killer bee zombie (D:6)
  3 adders
  2 oozes
  2 worms
  A dart slug (D:1)
  3 giant geckos
  9 orcs
  2 ball pythons
  8 bats
  3 giant cockroaches
  12 goblins
  11 hobgoblins
  10 jackals
  6 quokkas
  4 giant newts
  10 kobolds
  10 rats
114 creatures vanquished.

Notes
Turn   | Place    | Note
--------------------------------------------------------------
     0 | D:1      | maniek23 the Spriggan Assassin began the quest for the Orb.
     0 | D:1      | Reached XP level 1. HP: 10/10 MP: 2/2
    18 | D:1      | Reached skill level 6 in Stealth
   165 | D:1      | Reached XP level 2. HP: 15/15 MP: 3/3
   537 | D:1      | Reached skill level 7 in Stealth
   562 | D:1      | Reached XP level 3. HP: 11/18 MP: 4/4
  1314 | D:2      | Noticed Sigmund
  1346 | D:2      | Killed Sigmund
  1346 | D:2      | Reached XP level 4. HP: 19/23 MP: 5/5
  1346 | D:2      | Reached XP level 5. HP: 21/26 MP: 6/6
  1901 | D:3      | Found an iron altar of Okawaru.
  1966 | D:3      | Noticed atarun's ghost (amateur DrBe)
  2272 | D:3      | Killed atarun's ghost
  2272 | D:3      | Reached XP level 6. HP: 12/32 MP: 7/7
  3746 | D:5      | Entered Level 5 of the Dungeon
  3753 | D:5      | You fall through a shaft for 3 floors!
  3836 | D:8      | Reached skill level 8 in Stealth
  4007 | D:8      | Reached skill level 5 in Short Blades
  4063 | D:8      | Reached XP level 7. HP: 35/35 MP: 8/8
  5709 | D:5      | Reached skill level 5 in Dodging
  5751 | D:5      | Found a staircase to the Ecumenical Temple.
  5764 | Temple   | Entered the Ecumenical Temple
  6020 | Temple   | Became a worshipper of Gozag Ym Sagoz the Greedy
  6201 | D:5      | Reached XP level 8. HP: 19/40 MP: 9/9
  6476 | D:5      | Killed from afar by a steam dragon

Skill      XL: |  1  2  3  4  5  6  7 |
---------------+----------------------+-----
Stealth        | 6 7 8 |  8.7
Dodging        | 3 4 5 |  5.3
Fighting       | 2 3 |  3.3
Short Blades   | 3 4 5 6 |  6.4
Throwing       | 3 |  3.9

Action                   |  1- 3 |  4- 6 |  7- 9 || total
-------------------------+-------+-------+-------++-------
Melee: Dagger            |    85 |   226 |   198 ||   509
 Fire: Blowgun           |     9 |     3 |     6 ||    18
       Hunting sling     |       |    20 |    23 ||    43
Throw: Stone             |     5 |    76 |    20 ||   101
       Tomahawk          |       |       |     2 ||     2
  Use: Scroll            |       |     5 |     1 ||     6
       Potion            |       |       |     4 ||     4
 Stab: Sleeping          |    17 |    14 |    10 ||    41
       Distracted        |     1 |       |       ||     1
  Eat: Bread ration      |       |     1 |       ||     1
Armor: Robe              |     8 |    11 |    12 ||    31
Dodge: Dodged            |    42 |   151 |   146 ||   339
Block: Buckler           |     4 |     7 |       ||    11
